 Dungeon Crawl Stone Soup version 0.27-a0-1242-ge70438ac7b (webtiles) character file.

Game seed: 14938139603617729697

1799 Delamore the Spear-Bearer (level 9, -4/68 HPs)
             Began as a Formicid Fighter on June 9, 2021.
             Was a Believer of Okawaru.
             Slain by a hornet (10 damage)
             ... on level 9 of the Dungeon.
             The game lasted 00:08:37 (7152 turns).

Delamore the Spear-Bearer (Formicid Fighter)        Turns: 7152, Time: 00:08:38

Health: -4/68      AC: 12    Str: 23    XL:     9   Next: 30%
Magic:  9/9        EV:  6    Int:  9    God:    Okawaru [**....]
Gold:   349        SH: 10    Dex: 10    Spells: 8/8 levels left

rFire    . . .     SeeInvis +   p - +0 halberd (vorpal)
rCold    . . .     Faith    +   c - +1 kite shield
rNeg     + . .     Spirit   .   o - +0 chain mail
rPois    .         Reflect  .   (helmet unavailable)
rElec    .         Harm     .   (no cloak)
rCorr    .         Rampage  .   n - +1 pair of gloves
Will     .....                  l - +0 pair of boots
Stlth    ..........             b - amulet of faith
HPRegen  0.21/turn              q - ring of positive energy
MPRegen  0.11/turn              (no ring)

@: lethally poisoned (-4 -> -5), very slightly contaminated, invisible
A: permanent stasis, dig shafts and tunnels, antennae 3, four strong arms
a: Dig, Shaft Self, Renounce Religion, Heroism


You were on level 9 of the Dungeon.
You worshipped Okawaru.
Okawaru was pleased with you.
You visited 2 branches of the dungeon, and saw 10 of its levels.

You collected 1415 gold pieces.
You spent 1066 gold pieces at shops.

Inventory:

Hand Weapons
 a - a +1 trident
 p - a +0 vorpal halberd (weapon)
 z - a +0 trident of venom
 A - the +6 arbalest "Damnation" {damnation}
   (You bought it in a shop on level 4 of the Dungeon)
Missiles
 e - 11 poisoned darts (quivered)
 f - 8 silver javelins
 r - a curare-tipped dart
 u - 78 bolts
 B - 3 javelins
Armour
 c - a +1 kite shield (worn)
 l - a +0 pair of boots (worn)
 n - a +1 pair of gloves (worn)
 o - a +0 chain mail (worn)
Jewellery
 b - an amulet of faith (around neck)
 q - a ring of positive energy (left hand)
 y - a +6 ring of intelligence
Wands
 v - a wand of flame (6)
Scrolls
 j - a scroll of enchant weapon
 C - a scroll of fog {unknown}
Potions
 d - 3 potions of might
 g - a potion of berserk rage
 h - a potion of mutation
 i - 2 potions of brilliance
 k - 2 potions of ambrosia
 m - a potion of lignification
 s - a potion of flight
 w - a potion of attraction
 x - a potion of curing
 D - a potion of resistance {unknown}


   Skills:
 - Level 5.0 Fighting
 * Level 11.0 Polearms
 - Level 3.2 Armour
 - Level 3.6 Shields


You had 8 spell levels left.
You didn't know any spells.
Your spell library contained the following spells:

 Spells                   Type           Power      Damage    Failure   Level
 Apportation              Tloc           0%         N/A       100%        1
 Corona                   Hex            0%         N/A       100%        1
 Magic Dart               Conj           0%         1d3       100%        1
 Call Imp                 Summ           0%         N/A       100%        2
 Ensorcelled Hibernation  Hex/Ice        0%         N/A       100%        2
 Slow                     Hex            0%         N/A       100%        2
 Confusing Touch          Hex            0%         N/A       100%        3
 Conjure Flame            Conj/Fire      0%         6-21      100%        3
 Dazzling Flash           Conj/Hex       0%         N/A       100%        3
 Lesser Beckoning         Tloc           0%         N/A       100%        3
 Mephitic Cloud           Conj/Pois/Air  0%         N/A       100%        3
 Tukima's Dance           Hex            0%         N/A       100%        3
 Alistair's Intoxication  Tmut/Pois      0%         N/A       100%        5
 Invisibility             Hex            0%         N/A       100%        6
 Blink                    Tloc           Unusable   N/A       N/A         2

Dungeon Overview and Level Annotations

Branches:
Dungeon (9/15)             Temple (1/1) D:4
   Lair: D:8-11         Orc: D:9-12

Altars:
Ashenzari
Cheibriados
Dithmenos
Elyvilon
Fedhas
Gozag
Hepliaklqana
Kikubaaqudgha
Makhleb
Nemelex Xobeh
Okawaru
Qazlal
Ru
Sif Muna
Trog
Uskayaw
Vehumet
Wu Jian
Xom
Zin

Shops:
D:4 (*(((

Annotations:
D:4 exclusion: statue
D:8 Harold


Innate Abilities, Weirdness & Mutations

You cannot be hasted, slowed, berserked, paralysed or teleported.
You can dig through walls and to a lower floor.
You have a pair of large antennae on your head. (SInv)
Your four strong arms can wield two-handed weapons with a shield.


Message History

The hornet buzzes angrily.
You hear a shout!
You retract your mandibles.
You feel sick.
A troll comes into view.
You feel sick.
The troll shouts!
The hornet stings you but does no damage.
You extend your mandibles.
You dig through the rock wall.
You feel sick.
The troll shouts!
You dig through the rock wall.
You feel sick.
You dig through the rock wall.
You feel sick.
You are no longer poisoned.
You dig through the rock wall.
The hornet stings you but does no damage.
This wall is too hard to dig through.
You extend your mandibles.
This wall is too hard to dig through.
You extend your mandibles.
You dig through the rock wall.
You dig through the rock wall.
The hornet stings you but does no damage.
You dig through the rock wall.
The hornet barely misses you.
You dig through the rock wall.
The hornet stings you.
* * * LOW HITPOINT WARNING * * *
You are poisoned.
Your stasis prevents you from being slowed.
You dig through the rock wall.
You feel very sick. You block the hornet's attack.
You retract your mandibles.
You feel sick.
You feel sick. The hornet closely misses you.
You feel sick.
You feel sick. You block the hornet's attack.
You feel sick.
There is a stone staircase leading up here.
You feel sick. The hornet stings you.
* * * LOW HITPOINT WARNING * * *
Your stasis prevents you from being paralysed.
The hornet stings you!
You die...

#### #... ###
#... ... #..#
###.### #..#
#.....
#..###.#.# #
#...@....#.##.
##.#y#.#......
##...T..)...#
##.#####.######.
#.######........
##...T..########
########


You could see a troll and a hornet.

Vanquished Creatures
  Grinder (D:3)
  Menkaure (D:4)
  2 water moccasins (D:6)
  A black bear (D:4)
  An orc warrior (D:8)
  A necrophage (D:5)
  3 ogres
  A kobold brigand (D:6)
  A bullfrog (D:7)
  2 scorpions
  A water moccasin zombie (D:5)
  A jelly (D:4)
  2 hounds (D:5)
  2 bullfrog skeletons
  An iguana (D:6)
  3 orc wizards
  3 gnolls
  A howler monkey skeleton (D:7)
  2 adders
  A white imp (D:5)
  2 ufetubi
  An adder skeleton (D:4)
  2 worms
  2 dart slugs
  13 orcs
  5 bats
  6 endoplasms
  2 giant cockroaches
  9 goblins
  3 hobgoblins
  12 jackals
  4 quokkas
  7 ball pythons
  4 frilled lizards
  7 kobolds
  6 rats
116 creatures vanquished.

Notes
Turn   | Place    | Note
-------+----------+-------------------------------------------
     0 | D:1      | Delamore the Formicid Fighter began the quest for the Orb.
     0 | D:1      | Reached XP level 1. HP: 18/18 MP: 1/1
   313 | D:1      | Reached XP level 2. HP: 24/24 MP: 2/2
   767 | D:1      | Reached XP level 3. HP: 30/30 MP: 3/3
  1067 | D:2      | Reached skill level 3 in Polearms
  1580 | D:2      | Found a sparkling altar of Nemelex Xobeh.
  1769 | D:3      | Reached XP level 4. HP: 37/37 MP: 4/4
  2024 | D:2      | Reached skill level 4 in Polearms
  2074 | D:3      | Reached XP level 5. HP: 38/42 MP: 5/5
  2239 | D:3      | Noticed Grinder
  2261 | D:3      | Killed Grinder
  2262 | D:3      | Reached skill level 6 in Polearms
  2262 | D:3      | Reached XP level 6. HP: 43/48 MP: 6/6
  2535 | D:4      | Noticed a black bear
  2541 | D:4      | Killed a black bear
  2542 | D:4      | Reached XP level 7. HP: 55/55 MP: 7/7
  2677 | D:4      | Noticed Menkaure
  2690 | D:4      | Killed Menkaure
  2691 | D:4      | Reached skill level 7 in Polearms
  2914 | D:4      | Found a staircase to the Ecumenical Temple.
  2924 | Temple   | Entered the Ecumenical Temple
  3127 | Temple   | Became a worshipper of Warmaster Okawaru
  3524 | D:4      | Found Qeinlats's General Store.
  3528 | D:4      | Found Fiana's Antique Weapon Emporium.
  3540 | D:4      | Bought a scroll of identify for 26 gold pieces
  3550 | D:4      | Found Xireses's Weapon Shoppe.
  3741 | D:4      | Found a radiant altar of Vehumet.
  3784 | D:4      | Found Dutt's Weapon Shoppe.
  3915 | D:4      | Found Hero Rat's Weapon Emporium.
  4153 | D:5      | Entered Level 5 of the Dungeon
  4160 | D:5      | Reached XP level 8. HP: 52/61 MP: 8/8
  4238 | D:5      | Reached skill level 8 in Polearms
  4256 | D:5      | Reached * piety under Okawaru
  4265 | D:5      | Reached skill level 5 in Fighting
  4546 | D:5      | Reached skill level 9 in Polearms
  5287 | D:6      | Reached skill level 10 in Polearms
  5287 | D:6      | Reached XP level 9. HP: 15/68 MP: 6/9
  5617 | D:6      | Found an opulent altar of Gozag.
  5620 | D:6      | Found a hide-covered altar of Uskayaw.
  5623 | D:6      | Found a shimmering blue altar of Sif Muna.
  5626 | D:6      | Found an ancient bone altar of Kikubaaqudgha.
  6418 | D:7      | Found a sacrificial altar of Ru.
  6823 | D:7      | Identified a scroll of acquirement
  6823 | D:7      | Acquired 1076 gold pieces
  6910 | D:4      | Bought the +6 arbalest "Damnation" {damnation} for 1040
                  | gold pieces
  6910 | D:4      | Found the +6 arbalest "Damnation" {damnation}
  7060 | D:8      | Reached ** piety under Okawaru
  7061 | D:8      | Reached skill level 11 in Polearms
  7121 | D:8      | Noticed a hornet
  7126 | D:8      | Noticed Harold
  7137 | D:9      | Noticed a troll
  7152 | D:9      | Slain by a hornet

Illustrated notes

Levels and vault maps discovered:
D:1:      sevenhm_arrival_forest_fort_large_2, layout_basic,
          amcnicky_mini_corridor_feature, kennysheep_doodads,
          chequers_serial_rivers_micro_d, wander_ebering_terrifying_dragon_lair
D:2:      layout_basic, basic_altar
D:3:      layout_basic, kennysheep_generic_room_5, uniq_grinder
D:4:      layout_loops_ring, vehumet_statue,
          minmay_temple_entry_drinking_statues, serial_shops,
          kennysheep_little_box, shop, nicolae_shop_crystal, shop,
          kennysheep_mini_moat, minmay_misc_feat_enclosed, uniq_menkaure
D:5:      layout_loops_ring
D:6:      layout_cave_pools, grunt_temple_overflow_cloverleaf
D:7:      layout_cave_pools, old_standard_altar
D:8:      layout_loops_ring, grunt_lair_entry_orc_guard_hut, serial_glass,
          glass_columns_a, glass_columns_b, glass_columns_a, glass_columns_a,
          due_unseen_surprise, item_on_display_a, feat_on_display,
          minmay_manual_mares, uniq_harold
D:9:      minmay_statue_hallways, layout_loops_corners, serial_shops, shop,
          minivault_4
Temple:   eino_narrow_crystal_temple

Skill      XL: |  1  2  3  4  5  6  7  8  9 |
---------------+----------------------------+-----
Polearms       | 3 4 6 7 10 11 | 11.0
Fighting       | 4 5 |  5.0
Armour         | |  3.2
Shields        | |  3.6

Action                   |  1- 3 |  4- 6 |  7- 9 || total
-------------------------+-------+-------+-------++-------
Melee: Trident           |   117 |    24 |       ||   141
       Halberd           |       |    27 |   231 ||   258
Throw: Dart              |       |     7 |     9 ||    16
Invok: Heroism           |       |       |     1 ||     1
 Abil: Dig               |       |     1 |     6 ||     7
  Use: Scroll            |     3 |     1 |    10 ||    14
       Potion            |       |       |     2 ||     2
Armor: Scale mail        |    48 |     3 |       ||    51
       Chain mail        |       |    24 |    84 ||   108
Dodge: Dodged            |    34 |     8 |    50 ||    92
Block: Kite shield       |    59 |    18 |   120 ||   197

Table legend: (Time is in decaauts)
 A = Elapsed time spent in this place.
 B = Non-inter-level travel time spent in this place.
 C = Inter-level travel time spent in this place.
 D = Time resting spent in this place.
 E = Time spent auto-exploring this place.
 F = Levels seen in this place.
 G = Mean time per level.
                   A        B        C        D        E       F      G
               +--------+--------+--------+--------+--------+-----+--------+
         Total |   7271 |   6669 |    602 |   1021 |   4672 |  10 |  727.1 |
       Dungeon |   7047 |   6486 |    561 |   1021 |   4497 |   9 |  783.0 |
        Temple |    223 |    182 |     41 |      0 |    175 |   1 |  223.0 |
               +--------+--------+--------+--------+--------+-----+--------+

Top non-repeatable levels by time:
     D:4: 1484 daAuts
     D:6: 1294 daAuts
     D:1: 972 daAuts
     D:3: 900 daAuts
     D:5: 763 daAuts
     D:2: 760 daAuts
     D:7: 727 daAuts
  Temple: 223 daAuts
     D:8: 124 daAuts
     D:9: 20 daAuts
